 Dungeon Crawl Stone Soup version 0.31-a0-222-gefeffbb62a (webtiles) character file.

Game seed: 15071581675365370028

50 qw the Chopper (level 3, 0/23 HPs)
             Began as a Gargoyle Fighter on July 4, 2023.
             Slain by a gnoll
             ... wielding a +0 club
              (4 damage)
             ... on level 2 of the Dungeon.
             The game lasted 00:00:33 (1536 turns).

qw the Chopper (Gargoyle Fighter)                   Turns: 1536, Time: 00:00:34

Health: 0/23       AC: 15    Str: 21    XL:     3   Next: 79%
Magic:  3/3        EV:  2    Int:  8    God:
Gold:   54         SH:  4    Dex:  9    Spells: 2/2 levels left

rFire   . . .        Y - +1 war axe
rCold   . . .        c - +0 buckler
rNeg    + . .        m - +0 plate armour
rPois   inf          (no helmet)
rElec   +            (no cloak)
rCorr   .            (no gloves)
SInv    .            e - +0 pair of boots
Will    .....        f - amulet of faith Stlth
                     (no ring)
HPRegen 0.23/turn    (no ring)
MPRegen 0.08/turn

%: faith
@: constricted
A: sickness immunity, AC +3, negative energy resistance 1, electricity
resistance, torment resistance 1, petrification resistance
a: no special abilities


You were on level 2 of the Dungeon.
You visited 1 branch of the dungeon, and saw 2 of its levels.

You collected 54 gold pieces.


Innate Abilities, Weirdness & Mutations

You are immune to sickness and miasma.
Your stone body is resilient. (AC +3)
You are immune to poison.
You resist negative energy. (rN+)
You are resistant to electric shocks. (rElec)
You are resistant to unholy torment.
You are immune to petrification.


   Skills:
 - Level 3.2 Fighting
 + Level 3.6 Axes
 - Level 3.2 Armour
 - Level 3.2 Shields


You had 2 spell levels left.
You didn't know any spells.
Your spell library was empty.

Inventory:

Hand Weapons
 p - a +0 whip
 Y - a +1 war axe (weapon)
Armour
 c - a +0 buckler (worn)
 e - a +0 pair of boots (worn)
 m - a +0 plate armour (worn)
Jewellery
 f - an amulet of faith (around neck)
 l - a ring of ice
Scrolls
 a - a scroll of silence {unknown}
Potions
 d - a potion of might
 g - a potion of lignification
 k - 2 potions of curing {unknown}

Dungeon Overview and Level Annotations

Branches:
Dungeon (2/15)

Altars:


Message History

The gnoll completely misses you. The bat hits you but does no damage.
Enter note:
Enter note:
Enter note:
Enter note: You barely miss the gnoll.
You closely miss the bat. The bat hits you but does no damage.
A bat comes into view.
The gnoll hits you with a +0 spear. The gnoll hits you but does no damage.
You completely miss the gnoll. You slash the gnoll! You hit the ball python.
You kill the ball python!
The gnoll hits you but does no damage. You block the gnoll's attack.
You slash the gnoll!
You kill the gnoll!
You hit the gnoll but do no damage. You hit the ball python.
The gnoll barely misses you.
The gnoll hits you from afar with a +0 spear.
You block the ball python's attack. x2; The gnoll hits you but does no damage.
The gnoll closely misses you.
You hit the ball python.
The ball python is severely wounded.
You hit the gnoll. The ball python bites you.
The ball python barely misses you.
The ball python bites you but does no damage.
You block the ball python's attack.
The gnoll hits you from afar with a +0 spear.
The gnoll hits you with a +0 club.
You closely miss the ball python.
The ball python is severely wounded.
You hit the gnoll but do no damage. You block the ball python's attack.
The ball python grabs you. The ball python constricts you.
You block the gnoll's attack.
The gnoll hits you from afar with a +0 spear.
The ball python bites you but does no damage.
The ball python constricts you.
You closely miss the ball python.
The ball python is severely wounded.
You slash the gnoll! The gnoll hits you with a +0 club.
You die...

.....<%........#
.......#.......#.. ...
.......+.......#.# ....
.......#.........###....
.....########.#.........
...### #.#.#......# ...#
#.#.#b.....#
...##########.#%#gb....#
................@Sg....#
...##########.##)......#
........ ......>.....#
######## ###..........#
############


You could see 2 gnolls, 2 bats and a ball python.

Vanquished Creatures
  A gnoll (D:2)
  An adder (D:2)
  3 dart slugs
  A ball python (D:2)
  2 bats
  An endoplasm (D:1)
  A giant cockroach (D:2)
  4 hobgoblins
  A kobold (D:1)
  2 quokkas (D:1)
  3 frilled lizards (D:1)
  2 goblins (D:1)
  2 rats
24 creatures vanquished.

Notes
Turn   | Place    | Note
-------+----------+-------------------------------------------
     0 | D:1      | qw the Gargoyle Fighter began the quest for the Orb.
     0 | D:1      | Reached XP level 1. HP: 14/14 MP: 1/1
     0 | D:1      | 0 ||| qw: Version: 0.3-a-46-gb1f654a
     0 | D:1      | 0 ||| qw: Game counter: 943
     0 | D:1      | 0 ||| qw: Melee chars always use a shield: true
     0 | D:1      | 0 ||| qw: God list: Okawaru
     0 | D:1      | 0 ||| qw: Allow faded altars: false
     0 | D:1      | 0 ||| qw: Do Orc after clearing Dungeon:15 true
     0 | D:1      | 0 ||| qw: Do second Lair branch before Depths: true
     0 | D:1      | 0 ||| qw: Lair rune preference: random
     0 | D:1      | 0 ||| qw: Goals: Normal, Zot:1-4, Slime:5, God:TSO, Crypt,
                  | Tomb, Abyss, Pan, Hells, Win
     0 | D:1      | 0 ||| PLANNING D:1-11
   239 | D:1      | Reached XP level 2. HP: 19/19 MP: 2/2
   377 | D:1      | 377 ||| Stepping ~*~*~tactically~*~*~ (hiding).
   378 | D:1      | 378 ||| Stepping ~*~*~tactically~*~*~ (hiding).
   381 | D:1      | 381 ||| Stepping ~*~*~tactically~*~*~ (hiding).
   382 | D:1      | 382 ||| Stepping ~*~*~tactically~*~*~ (hiding).
   383 | D:1      | 383 ||| Stepping ~*~*~tactically~*~*~ (hiding).
   492 | D:1      | 492 ||| DROPPING +0 club.
   507 | D:1      | 507 ||| Stepping ~*~*~tactically~*~*~ (hiding).
   629 | D:1      | 629 ||| DROPPING +1 mace of distortion.
  1046 | D:1      | 1046 ||| UPGRADING to +0 pair of boots.
  1051 | D:1      | 1051 ||| UPGRADING to +0 plate armour.
  1061 | D:1      | 1061 ||| DROPPING +0 scale mail.
  1062 | D:1      | 1062 ||| UPGRADING to amulet of faith.
  1067 | D:1      | 1067 ||| READING scroll labelled TAR WEVATWULE.
  1079 | D:1      | 1079 ||| READING scroll labelled TAWIAMOREL.
  1080 | D:1      | 1080 ||| READING scroll labelled XUGETW FUCHEUWO.
  1081 | D:1      | 1081 ||| READING scroll labelled YTOELI DAN FEJAY.
  1082 | D:1      | 1082 ||| DRINKING 2 lumpy inky potions.
  1123 | D:1      | 1123 ||| DRINKING 2 white potions.
  1227 | D:1      | 1227 ||| DROPPING potion of berserk rage.
  1278 | D:2      | Reached skill level 3 in Axes
  1335 | D:2      | 1335 ||| Stepping ~*~*~tactically~*~*~ (hiding).
  1338 | D:2      | 1338 ||| Stepping ~*~*~tactically~*~*~ (hiding).
  1348 | D:2      | Reached XP level 3. HP: 23/23 MP: 3/3
  1535 | D:2      | HP: 4/23 [gnoll/+0 spear (4)]
  1536 | D:2      | Slain by a gnoll

Levels and vault maps discovered:
D:1:      dpeg_arrival_tiny_i, layout_basic, minmay_misc_feat_tower
D:2:      layout_basic

Skill      XL: |  1  2 |
---------------+-------+-----
Axes           | 2 3 |  3.6
Fighting       | |  3.2
Armour         | |  3.2
Shields        | |  3.2

Action                     || total
---------------------------++-------
  Melee: War axe           ||    71
    Use: Scroll            ||     4
         Potion            ||     2
 Armour: Scale mail        ||    21
         Plate armour      ||    13
  Dodge: Dodged            ||    29
  Block: Buckler           ||    22

Table legend:
 A = Non-vault XP
 B = Vault XP
 C = Vault XP percentage of total XP
 D = Non-vault monster count
 E = Vault monster count
 F = Vault count percentage of total count
                 A         B        C        D         E       F
            +---------+---------+-------+---------+---------+-------
      Total |      72 |       0 |   0.0 |      24 |       0 |   0.0
            +---------+---------+-------+---------+---------+-------
        D:1 |      29 |       0 |   0.0 |      15 |       0 |   0.0
        D:2 |      43 |       0 |   0.0 |       9 |       0 |   0.0
            +---------+---------+-------+---------+---------+-------
